 Dungeon Crawl Stone Soup version 0.26-a0-665-gefeb406119 (webtiles) character file.

Game seed: 13448006674184696954

18 BruhMomento the Skirmisher (level 2, 0/24 HPs)
             Began as a Demonspawn Abyssal Knight on Oct 13, 2020.
             Was a Follower of Lugonu.
             Slain by a leopard gecko (2 damage)
             ... on level 1 of the Dungeon.
             The game lasted 00:02:40 (963 turns).

BruhMomento the Skirmisher (DsAK)                    Turns: 963, Time: 00:02:40

Health: 0/24       AC:  3    Str: 12    XL:     2   Next: 51%
Magic:  3/3        EV: 11    Int: 13    God:    Lugonu [*.....]
Gold:   59         SH:  0    Dex: 12    Spells: 1/1 levels left

rFire    + . .     SeeInvis .   a - +1 falchion
rCold    . . .     Faith    .   (no shield)
rNeg     . . .     Spirit   .   b - +0 leather armour
rPois    .         Reflect  .   (no helmet)
rElec    .         Harm     .   (no cloak)
rCorr    .         Rampage  .   (no gloves)
MR       .....                  (no boots)
Stlth    +.........             (no amulet)
HPRegen  0.08/turn              (no ring)
MPRegen  0.08/turn              (no ring)

@: no status effects
A: fire resistance 1
a: Depart the Abyss, Renounce Religion


You were on level 1 of the Dungeon.
You worshipped Lugonu.
Lugonu was aware of your devotion.
You visited 1 branch of the dungeon, and saw 1 of its levels.
You visited the Abyss 1 time.

You collected 59 gold pieces.

Inventory:

Hand Weapons
 a - a +1 falchion (weapon)
Armour
 b - a +0 leather armour (worn)
Jewellery
 f - an uncursed ring of resist corrosion
Scrolls
 e - a scroll of noise {unknown}
 g - a scroll of fog {unknown}
 h - 3 scrolls of identify {unknown}
 i - a scroll of remove curse {unknown}
Potions
 c - a potion of curing {unknown}
 d - 2 potions of brilliance {unknown}


   Skills:
 - Level 3.3 Fighting
 - Level 2.1 Long Blades
 - Level 1.7 Armour
 * Level 1.3 Dodging
 - Level 0.1 Stealth
 - Level 2.5 Invocations


You had one spell level left.
You didn't know any spells.
Your spell library was empty.

Dungeon Overview and Level Annotations

Branches:
Dungeon (1/15)

Altars:


Innate Abilities, Weirdness & Mutations

Your flesh is heat resistant. (rF+)


Message History

The leopard gecko misses you. The leopard gecko bites you.
The leopard gecko bites you.
* * * LOW HITPOINT WARNING * * *
Really attack unarmed? [Y]es or [N]o only, please.
Really attack unarmed?
Okay, then.
The leopard gecko misses you. The leopard gecko closely misses you.
a - a +1 falchion (weapon)
The leopard gecko bites you.
* * * LOW HITPOINT WARNING * * *
You closely miss the leopard gecko. The leopard gecko closely misses you.
You barely miss the leopard gecko.
The leopard gecko hisses menacingly.
The leopard gecko barely misses you.
You riposte.
You barely miss the leopard gecko. The leopard gecko barely misses you.
You barely miss the leopard gecko. The leopard gecko bites you.
You die...

#.# ####.####... #.# #..#
#... #.# ##.# #... #.#
.#####. #.# ..# #.# #.# .
#.### #.# ..
...#####...#########.##.#.
.........@l...............
...#######.####...##..###.
#.##..(#####.# #.##.###
... #....# #...# #..###
...# #### ...# ...# ..#


You could see a leopard gecko.

Vanquished Creatures
  4 bats (D:1)
  A giant cockroach (D:1)
  2 goblins (D:1)
  3 hobgoblins (D:1)
  2 kobolds (D:1)
  6 rats (D:1)
18 creatures vanquished.

Notes
Turn   | Place    | Note
-------+----------+-------------------------------------------
     0 | Abyss:1  | BruhMomento the Demonspawn Abyssal Knight began the quest
                  | for the Orb.
     0 | Abyss:1  | Reached XP level 1. HP: 18/18 MP: 2/2
    84 | D:1      | Escaped the Abyss
   296 | D:1      | Reached skill level 1 in Dodging
   589 | D:1      | Reached * piety under Lugonu
   591 | D:1      | Gained mutation: Your flesh is heat resistant. (rF+)
                  | [demonic ancestry]
   591 | D:1      | Reached XP level 2. HP: 17/24 MP: 3/3
   963 | D:1      | Slain by a leopard gecko

Illustrated notes

Levels and vault maps discovered:
D:1:      minmay_arrival_stone_box, layout_rooms

Skill      XL: |  1 |
---------------+----+-----
Dodging        | 1 |  1.3
Long Blades    | 2 |  2.1
Fighting       | |  3.3
Armour         | |  1.7
Stealth        | |  0.1
Invocations    | |  2.5

Action                   || total
-------------------------++-------
Melee: Falchion          ||    52
Invok: Depart the Abyss  ||     1
Armor: Leather armour    ||    19
Dodge: Dodged            ||    48
       Rpst.: Falchion   ||    12

Table legend: (Time is in decaauts)
 A = Elapsed time spent in this place.
 B = Non-inter-level travel time spent in this place.
 C = Inter-level travel time spent in this place.
 D = Time resting spent in this place.
 E = Time spent auto-exploring this place.
 F = Levels seen in this place.
 G = Mean time per level.
                   A        B        C        D        E       F      G
               +--------+--------+--------+--------+--------+-----+--------+
         Total |    974 |    974 |      0 |    490 |    343 |   2 |  487.0 |
       Dungeon |    887 |    887 |      0 |    490 |    264 |   1 |  887.0 |
         Abyss |     87 |     87 |      0 |      0 |     79 |   1 |   87.0 |
               +--------+--------+--------+--------+--------+-----+--------+

Top non-repeatable levels by time:
     D:1: 887 daAuts
 Abyss:1: 87 daAuts
